 Dungeon Crawl Stone Soup version 0.19.0-20-gbc5f0c6 (webtiles) character file.

104 Endymion the Charmwright (level 4, -9/29 HPs)
             Began as a High Elf Skald on Nov 16, 2016.
             Mangled by an ogre
             ... wielding a +0 giant club
              (19 damage)
             ... on level 2 of the Dungeon.
             The game lasted 00:22:10 (3327 turns).

Endymion the Charmwright (High Elf Skald)           Turns: 3327, Time: 00:22:11

Health: -9/29      AC:  6    Str: 12    XL:     4   Next: 52%
Magic:  8/8        EV: 12    Int: 16    God:
Gold:   188        SH:  0    Dex: 14    Spells: 3 memorised, 3 levels left

rFire  . . .     SeeInvis .     a - +0 falchion
rCold  . . .     Gourm    .     b - +0 leather armour
rNeg   . . .     Faith    .     (no shield)
rPois  .         Spirit   .     (no helmet)
rElec  .         Reflect  .     (no cloak)
rCorr  .         Harm     .     (no gloves)
MR     .....                    (no boots)
Stlth  ++........               (no amulet)
                                (no ring)
                                h - +3 ring of protection

@: no status effects
A: no striking features
a: no special abilities


You were on level 2 of the Dungeon.
You were not hungry.

You visited 1 branch of the dungeon, and saw 2 of its levels.

You collected 188 gold pieces.

Inventory:

Hand Weapons
 a - a +0 falchion (weapon)
Missiles
 f - 30 stones (quivered)
Armour
 b - a +0 leather armour (worn)
 g - a +0 pair of boots
 r - a +0 pair of boots
Jewellery
 h - a +3 ring of protection (left hand)
Scrolls
 j - 2 scrolls of identify
 m - a scroll of fear {unknown}
 o - a scroll of remove curse
 s - a scroll of fog {unknown}
Potions
 e - 3 potions of heal wounds {unknown}
 i - a potion of cure mutation {unknown}
 k - 3 potions of curing {unknown}
 l - a potion of degeneration {unknown}
 p - a potion of might {unknown}
Books
 c - a book of Battle

   Spells                             Type                      Level
   a - Infusion                       Charms                       1
   b - Shroud of Golubria             Charms/Translocation         2
   c - Song of Slaying                Charms                       2
   d - Spectral Weapon                Hexes/Charms                 3
   e - Regeneration                   Charms/Necromancy            3
Comestibles
 d - 2 bread rations
 n - 2 meat rations
 q - a beef jerky
 t - 2 chunks of flesh


   Skills:
 + Level 2.0 Fighting
 * Level 3.7 Long Blades
 + Level 1.2 Armour
 * Level 2.3 Dodging
 * Level 1.4 Stealth
 + Level 2.6 Spellcasting
 + Level 4.3 Charms


You had 3 spell levels left.
You knew the following spells:

 Your Spells              Type           Power        Failure   Level  Hunger
a - Infusion              Chrm           ###.         4%          1    #......
b - Song of Slaying       Chrm           ###.....     8%          2    ##.....
c - Shroud of Golubria    Chrm/Tloc      #.........   17%         2    ##.....


Dungeon Overview and Level Annotations

Branches:
Dungeon (2/15)

Altars:

Annotations:
D:1 1 runed door


Message History

Eating one of 3 chunks of flesh.
You start eating one of the 3 chunks of flesh.
This raw flesh tastes terrible.
A bat comes into view.
The ogre shouts!
You close the door.
An ogre opens the door.
An ogre is nearby!
Okay, then.
Casting: Infusion
Confirm with . or Enter, or press ? or * to list all spells.
Okay, then.
As you read the scroll labeled BUYSUX WIDELEU, it crumbles to dust.
You feel blessed for a moment.
It was a scroll of remove curse.
The ogre hits you with a giant club!!
Ouch! That really hurt!
Unknown command.
The ogre hits you with a giant club!!
Ouch! That really hurt!
You die...

#.........#.#....#########
#.......#.#.#............#
#...........#............#
#..............#.........###
#.........#.##.#............
#.........#....#.###'######.
#####+##.#######.###.# #.
#.............##.# #.
####..O@...#####.# #.
#######.# #.# #. #.#
..######. #.# .........
#.###########.#
#..............
##########....######.#
#.......#......#####..
#.......#............#


You could see an ogre.

Vanquished Creatures
  An adder (D:2)
  An ooze (D:2)
  5 worms
  3 dart slugs
  4 leopard geckos
  3 ball pythons
  11 bats
  3 giant cockroaches
  4 goblins
  5 hobgoblins
  14 kobolds
  7 frilled lizards
  6 rats
67 creatures vanquished.

Notes
Turn   | Place    | Note
-------+----------+-------------------------------------------
     0 | D:1      | Endymion the High Elf Skald began the quest for the Orb.
     0 | D:1      | Reached XP level 1. HP: 14/14 MP: 4/4
     1 | D:1      | Found a runed door.
     1 | D:1      | Noticed a jelly
   330 | D:1      | Reached XP level 2. HP: 19/19 MP: 6/6
   351 | D:1      | Reached skill level 1 in Armour
   386 | D:1      | Reached skill level 4 in Charms
   676 | D:1      | Learned a level 2 spell: Song of Slaying
   891 | D:1      | Learned a level 2 spell: Shroud of Golubria
  1300 | D:1      | Reached XP level 3. HP: 20/24 MP: 0/7
  2017 | D:2      | Reached skill level 1 in Stealth
  2287 | D:2      | Found a faded altar of an unknown god.
  2522 | D:2      | Reached XP level 4. HP: 25/29 MP: 4/8
  3122 | D:2      | Noticed a sky beast
  3123 | D:2      | Noticed an ogre
  3327 | D:2      | Mangled by an ogre

Skill      XL: |  1  2  3 |
---------------+----------+-----
Armour         | 1 |  1.2
Charms         | 4 |  4.3
Long Blades    | 3 |  3.7
Dodging        | 2 |  2.3
Stealth        | 1 |  1.4
Fighting       | |  2.0
Spellcasting   | |  2.6

Action                   |  1- 3 |  4- 6 || total
-------------------------+-------+-------++-------
Melee: Falchion          |   106 |    47 ||   153
 Cast: Infusion          |    31 |     7 ||    38
  Use: Scroll            |     2 |     1 ||     3
 Stab: Sleeping          |     1 |     4 ||     5
  Eat: Chunk             |     5 |     3 ||     8
Armor: Leather armour    |    25 |    17 ||    42
Dodge: Dodged            |    70 |    35 ||   105
       Rpst.: Falchion   |    23 |    14 ||    37
